 Dungeon Crawl Stone Soup version 0.17.0-56-gd8de76c (webtiles) character file.

445 SanctumEques the Skirmisher (level 6, -1/49 HPs)
             Began as a Demonspawn Abyssal Knight on Dec 5, 2015.
             Was a Priest of Lugonu.
             Slain by a sky beast (5 damage)
             ... on level 4 of the Dungeon.
             The game lasted 00:35:22 (3911 turns).

SanctumEques the Skirmisher (DsAK)                  Turns: 3911, Time: 00:35:22

Health: -1/49      AC:  5    Str: 15    XL:     6   Next: 72%
Magic:  8/8        EV: 10    Int: 13    God:    Lugonu [***...]
Gold:   158        SH:  0    Dex: 12    Spells: 0 memorised, 5 levels left

rFire  . . .     SeeInvis .     (no weapon)
rCold  . . .     Clarity  .     z - +1 scale mail
rNeg   . . .     SustAt   .     (no shield)
rPois  .         Gourm    .     (no helmet)
rElec  .         Spirit   .     w - +0 cloak
rCorr  .         Warding  .     (no gloves)
rMut   .         Stasis   .     (no boots)
MR     .....                    j - amulet of regeneration
Stlth  ..........               (no ring)
                                v - -4 ring of protection

@: not resistant to hostile enchantments, extremely unstealthy
A: claws 1, hooves 1, powered by death 1
a: Depart the Abyss, Bend Space, Banish, Renounce Religion


You were on level 4 of the Dungeon.
You worshipped Lugonu.
Lugonu was most pleased with you.
You were not hungry.

You visited 1 branch of the dungeon, and saw 4 of its levels.
You visited the Abyss 1 time.

You collected 158 gold pieces.

Inventory:

Hand Weapons
 a - a +1 spear
 k - a +4 flail of protection
 m - a cursed -1 dagger
 n - a +1 short sword of speed
 o - a +0 whip
 p - a +0 quarterstaff
 s - a +0 dagger
 t - a +0 long sword
 y - a +0 dagger
 E - a +0 hunting sling
Missiles
 f - 78 bolts
 u - 69 stones
 x - 2 tomahawks (quivered)
 B - 5 silver bolts
Armour
 b - a +0 leather armour
 h - a +0 leather armour
 i - a +0 ring mail
 l - a +1 robe of cold resistance
 q - a cursed +0 ring mail
 w - a +0 cloak (worn)
 z - a +1 scale mail (worn)
 C - a +1 robe of positive energy
 G - a +0 scale mail
Jewellery
 j - an amulet of regeneration (around neck)
 v - a -4 ring of protection (left claw)
Wands
 D - a wand of slowing (22)
Scrolls
 e - 3 scrolls of identify
 r - 3 scrolls of magic mapping
 I - a scroll of immolation {unknown}
 L - a scroll of enchant armour
Potions
 d - a potion of brilliance
 A - a potion of ambrosia {unknown}
 J - a potion of poison {unknown}
Comestibles
 c - 4 bread rations
 g - a beef jerky
 F - 7 fruits
 H - 2 meat rations
 K - a royal jelly


   Skills:
 + Level 4.4 Fighting
 + Level 2.7 Polearms
 + Level 3.9 Armour
 + Level 3.2 Dodging
 + Level 0.2 Stealth
 + Level 0.8 Unarmed Combat
 + Level 3.0 Invocations


You had 5 spell levels left.
You didn't know any spells.

Dungeon Overview and Level Annotations

Branches:
Dungeon (4/15)
 Temple: D:4-7

Altars:
Cheibriados
Qazlal
Trog


Innate Abilities, Weirdness & Mutations

You have sharp fingernails.
You have large cloven feet.
You regenerate a little health from kills.


Message History

You barely miss something. You kick something. Something hits you.
* * * LOW HITPOINT WARNING * * *
Something shocks you.
* * * LOW HITPOINT WARNING * * *
Something hits you but does no damage. Something hits you but does no damage.
You scratch something. Something hits you but does no damage.
You scratch something. Your kick misses something.
Something hits you but does no damage.
You miss something. Something hits you but does no damage.
You closely miss something. Your kick misses something.
Something hits you but does no damage.
You barely miss something. Something hits you.
* * * LOW HITPOINT WARNING * * *
Something shocks you.
* * * LOW HITPOINT WARNING * * *
Something hits you.
* * * LOW HITPOINT WARNING * * *
Something shocks you.
You die...

..'.......................+......
..###......#.#######..)####......
.## #.#....#.# ##.## ##....) ##
#.##...#.# ###.# ##..))
#.##...#.# #...# ##.<. #.##.#.#.#
#.### ##'# #.##.#.#.# #.# #.#
#.##.#.#.######.#### #.#
#........##.@......# ##.#
######.####{###.##.#######... #.#
#.# #.#............ #.# #.#
#.#..######.... #########.# #.#
#...[....##.#.# #.........# #.#
###..#......... ########### #.#
#.........#.# #.######.########.#
#.(((....# #.#


There were no monsters in sight!

Vanquished Creatures
  An ogre (D:4)
  4 orc wizards
  2 orc priests
  A worker ant (D:4)
  4 adders
  An ooze (D:1)
  A worm (D:2)
  2 giant geckos
  21 orcs
  2 ball pythons
  6 bats
  16 goblins
  9 hobgoblins
  9 kobolds
  5 quokkas
  A giant cockroach (D:3)
  A giant gecko skeleton (D:4)
  5 giant newts
  8 rats
99 creatures vanquished.

Vanquished Creatures (others)
  An orc wizard (D:3)
1 creature vanquished.

Grand Total: 100 creatures vanquished

Notes
Turn   | Place    | Note
--------------------------------------------------------------
     0 | Abyss:1  | SanctumEques the Demonspawn Abyssal Knight began the quest for the Orb.
     0 | Abyss:1  | Reached XP level 1. HP: 18/18 MP: 2/2
   117 | D:1      | Escaped the Abyss
   285 | D:1      | Gained mutation: You regenerate a little health from kills. [demonic ancestry]
   285 | D:1      | Reached XP level 2. HP: 13/24 MP: 3/3
   342 | D:1      | Reached skill level 1 in Dodging
   384 | D:1      | Reached * piety under Lugonu
   928 | D:2      | Gained mutation: You have large cloven feet. [demonic ancestry]
   928 | D:2      | Reached XP level 3. HP: 22/29 MP: 5/5
  1189 | D:2      | Found a bloodstained altar of Trog.
  1225 | D:2      | Reached ** piety under Lugonu
  1591 | D:2      | Found a snail-covered altar of Cheibriados.
  1599 | D:2      | Reached XP level 4. HP: 37/37 MP: 6/6
  1881 | D:3      | Reached skill level 4 in Fighting
  2015 | D:3      | Gained mutation: You have sharp fingernails. [demonic ancestry]
  2015 | D:3      | Reached XP level 5. HP: 13/42 MP: 7/7
  2123 | D:3      | Found a stormy altar of Qazlal.
  2221 | D:3      | Reached *** piety under Lugonu
  2503 | D:3      | Reached XP level 6. HP: 41/48 MP: 8/8
  3434 | D:4      | HP: 2/49 [orc wizard/dagger (1)]
  3462 | D:4      | HP: 2/49 [orc wizard/magic dart (5)]
  3911 | D:4      | Slain by a sky beast

Action                   |  1- 3 |  4- 6 || total
-------------------------+-------+-------++-------
Melee: Spear             |   167 |   108 ||   275
       Short sword       |       |    48 ||    48
       Unarmed           |       |   365 ||   365
Throw: Tomahawk          |       |     3 ||     3
Invok: Depart the Abyss  |     1 |       ||     1
  Use: Scroll            |     2 |     7 ||     9
       Potion            |       |     7 ||     7
  Eat: Chunk             |     3 |     4 ||     7
       Bread ration      |       |     1 ||     1
       Meat ration       |       |     1 ||     1
